 Dungeon Crawl Stone Soup version 0.22.0-27-ga576289 (webtiles) character file.

4955 Monsterracer the Grappler (level 10, -8/88 HPs)
             Began as a Minotaur Earth Elementalist on Aug 21, 2018.
             Mangled by a gnoll
             ... wielding a +3 spear of chaos
              (17 damage)
             ... while paralysed by a gnoll
             ... on level 9 of the Dungeon.
             The game lasted 00:19:25 (12633 turns).

Monsterracer the Grappler (MiEE)                   Turns: 12633, Time: 00:19:26

Health: -8/88      AC: 16    Str: 16    XL:     10   Next: 28%
Magic:  11/11      EV:  2    Int: 12    God:    Xom [......]
Gold:   116        SH:  0    Dex: 11    Spells: 10/11 levels left

rFire    . . .     SeeInvis .     - Unarmed
rCold    . . .     Gourm    .   p - +0 shield
rNeg     . . .     Faith    .   s - +0 chain mail
rPois    .         Spirit   .   (helmet restricted)
rElec    .         Reflect  +   x - +0 cloak
rCorr    +         Harm     .   n - +2 pair of gloves
MR       .....                  A - +0 pair of boots (curse)
Stlth    ..........             y - +2 amulet of reflection
HPRegen  0.24/turn              k - ring of resist corrosion
MPRegen  0.12/turn              (no ring)

@: paralysed, lethally poisoned (-8 -> -17), drained
A: retaliatory headbutt, horns 2, blink
a: Blink, Renounce Religion


You were on level 9 of the Dungeon.
You worshipped Xom.
You were a very special plaything of Xom.
You were very hungry.

You visited 2 branches of the dungeon, and saw 10 of its levels.

You collected 428 gold pieces.
You spent 312 gold pieces at shops.

Inventory:

Armour
 n - a +2 pair of gloves (worn)
 p - a +0 shield (worn)
 s - a +0 chain mail (worn)
 x - a +0 cloak (worn)
 A - a cursed +0 pair of boots (worn)
Jewellery
 k - a ring of resist corrosion (left hand)
 y - a +2 amulet of reflection (around neck)
Wands
 d - a wand of acid (15)
 o - a wand of paralysis (14)
 t - a wand of flame (7)
Scrolls
 b - a scroll of magic mapping {!r}
 h - 2 scrolls of teleportation
 i - 4 scrolls of remove curse
 q - a scroll of blinking
 w - a scroll of identify
Potions
 a - a potion of curing
 e - 6 potions of heal wounds
 f - a potion of mutation {!q}
 g - 2 potions of might
 j - 3 potions of magic
 l - 2 potions of flight
 m - 2 potions of ambrosia {!q}
 r - a potion of agility
 u - a potion of lignification
 v - 2 potions of berserk rage {!q}
Comestibles
 c - 11 rations


   Skills:
 + Level 7.9(7.7) Fighting
 + Level 7.3(7.1) Armour
 - Level 2.1(1.9) Dodging
 - Level 1.5(1.3) Stealth
 + Level 7.4(7.1) Shields
 * Level 11.1(10.9) Unarmed Combat
 - Level 1.3(1.1) Spellcasting
   Level 0.7(0.5) Transmutations
 - Level 2.4(2.2) Earth Magic


You had 10 spell levels left.
You knew the following spells:

 Your Spells              Type           Power        Failure   Level  Hunger
a - Sandblast             Erth           #.....       99%         1    ##.....

Your spell library contained the following spells:

 Spells                   Type           Power        Failure   Level  Hunger
 Animate Skeleton         Necr           N/A          100%        1    ##.....
 Apportation              Tloc           #.....       100%        1    ##.....
 Confusing Touch          Hex            #.....       100%        1    ##.....
 Magic Dart               Conj           #...         100%        1    ##.....
 Summon Small Mammal      Summ           #...         100%        1    ##.....
 Blink                    Tloc           N/A          100%        2    ###....
 Call Imp                 Summ           #.......     100%        2    ###....
 Passwall                 Tmut/Erth      #.......     100%        2    ###....
 Slow                     Hex            #.......     100%        2    ###....
 Conjure Flame            Conj/Fire      #.......     100%        3    ####...
 Mephitic Cloud           Conj/Pois/Air  #.......     100%        3    ####...
 Stone Arrow              Conj/Erth      #.....       100%        3    ####...
 Petrify                  Tmut/Erth      #.......     100%        4    #####..
 Lee's Rapid Deconstruct  Erth           #.........   100%        5    ######.


Dungeon Overview and Level Annotations

Branches:
Dungeon (9/15)             Temple (1/1) D:4
   Lair: D:8-11         Orc: D:9-12

Altars:
Cheibriados
Dithmenos
Elyvilon
Fedhas
Gozag
Hepliaklqana
Kikubaaqudgha
Makhleb
Nemelex Xobeh
Okawaru
Qazlal
Ru
Sif Muna
Trog
Uskayaw
Vehumet
Wu Jian
Xom
Yredelemnul
Zin
The Shining One

Shops:
D:6 !   D:7 (*==

Annotations:
D:5 1 runed door


Innate Abilities, Weirdness & Mutations

You reflexively headbutt those who attack you in melee.
You have a pair of horns on your head.
You can translocate small distances at will.


Message History

You take 2 damage, and have 50/88 hp.
You hit the gnoll sergeant but do no damage.
You headbutt the gnoll sergeant.
You kill the gnoll sergeant!
You feel sick. The gnoll hits you but does no damage.
You take 1 damage, and have 49/88 hp.
You feel sick. You block the gnoll's attack.
Items here: )) [[ †† You take 2 damage, and have 47/88 hp.
You closely miss the gnoll.
You feel sick.
You take 1 damage, and have 46/88 hp.
You closely miss the gnoll.
You feel sick. You block the gnoll's attack.
You take 1 damage, and have 45/88 hp.
You hit the gnoll.
The gnoll is moderately wounded.
You feel sick. The gnoll hits you but does no damage.
You take 1 damage, and have 44/88 hp.
You hit the gnoll but do no damage. Your headbutt misses the gnoll.
The gnoll is moderately wounded.
You feel sick.
You take 2 damage, and have 42/88 hp.
You hit the gnoll.
The gnoll is heavily wounded.
You feel sick. You block the gnoll's attack.
You take 1 damage, and have 41/88 hp.
You closely miss the gnoll.
The gnoll is heavily wounded.
You feel sick. You block the gnoll's attack.
You punch the gnoll!
You kill the gnoll!
You feel sick.
You take 1 damage, and have 40/88 hp.
Your chain mail prevents you from hitting the jackal.
You feel sick.
The jackal bites you but does no damage.
You take 1 damage, and have 39/88 hp.
Your shield prevents you from hitting the jackal.
You feel sick. You block the jackal's attack.
You take 1 damage, and have 38/88 hp.
You closely miss the jackal.
You feel sick.
The jackal bites you but does no damage.
You block the gnoll's attack.
You take 1 damage, and have 37/88 hp.
You barely miss the jackal.
You feel sick.
The jackal bites you but does no damage.
The gnoll hits you from afar with a spear of chaos.
* * * LOW HITPOINT WARNING * * *
The gnoll freezes you.
* * * LOW HITPOINT WARNING * * *
You block the jackal's attack.
You take 4 damage, and have 33/88 hp.
You feel sick.
You take 1 damage, and have 32/88 hp.
Your shield prevents you from hitting the jackal.
You headbutt the jackal.
The jackal is heavily wounded.
You block the jackal's attack. The gnoll barely misses you.
You punch the jackal!
You kill the jackal!
You feel sick.
You take 1 damage, and have 31/88 hp.
You swing at nothing.
You feel sick.
The gnoll hits you from afar with a spear of chaos!
* * * LOW HITPOINT WARNING * * *
You are more poisoned.
You take 8 damage, and have 23/88 hp.
You feel sick. You block the gnoll's attack.
Items here: )) [[ ††† You hit the gnoll but do no damage.
You feel sick.
The gnoll hits you with a spear of chaos.
* * * LOW HITPOINT WARNING * * *
You take 7 damage, and have 16/88 hp.
You hit the gnoll.
The gnoll is lightly wounded.
You feel sick. The gnoll hits you but does no damage.
You feel drained.
You take 1 damage, and have 15/88 hp.
Your shield and chain mail prevent you from hitting the gnoll.
The gnoll is lightly wounded.
You feel sick. You block the gnoll's attack.
You take 1 damage, and have 14/88 hp.
Unknown command.
* * * LOW HITPOINT WARNING * * *
You feel sick.
You hear Xom's avuncular chuckle.
The gnoll flickers and vanishes!
Deactivating autopickup; reactivate with Ctrl-A.
The gnoll hits you from afar with a spear of chaos.
* * * LOW HITPOINT WARNING * * *
You suddenly lose the ability to move!
* * * LOW HITPOINT WARNING * * *
You feel sick. The gnoll hits you but does no damage.
* * * LOW HITPOINT WARNING * * *
You feel sick.
You hear Xom's maniacal laughter.
Ouch! You feel a sudden electric shock.
The gnoll hits you from afar with a spear of chaos.
* * * LOW HITPOINT WARNING * * *
You are electrocuted!
You die...
Xom laughs nastily!

##................
##...............
##..............
##.............
...............
.####.........#. #
##.......###
#####.######.....####
......ggg)@)...(#####
.####.gg####.....####
#....... ##.#...###
#........ #.##...#.
#....g.... #.# #....
#.(...g...# .# #..
####..h#### .# #$
'...'


You could see 5 gnolls.

Vanquished Creatures
  Maurice (D:8)
  3 yaks
  2 hogs (D:7)
  A hungry ghost (D:7)
  3 ice beasts
  2 orc warriors
  A wolf (D:8)
  A sky beast (D:8)
  A swamp drake (D:9)
  3 ogres
  5 centaurs
  A crocodile (D:7)
  4 bullfrogs
  2 gnoll sergeants
  2 scorpions (D:7)
  4 wights (D:7)
  2 electric eels (D:4)
  2 centaur zombies (D:7)
  7 hounds
  A jelly (D:6)
  A centaur skeleton (D:7)
  A gnoll shaman (D:9)
  3 orc priests
  3 orc wizards
  3 iguanas (D:7)
  Natasha (thrice) (D:2)
  13 worker ants
  A killer bee zombie (D:8)
  2 hound skeletons
  9 gnolls
  12 adders
  A shadow imp (D:5)
  2 oozes
  2 adder skeletons
  5 worms
  2 dart slugs
  5 leopard geckos
  17 orcs
  5 giant cockroaches
  14 goblins
  7 hobgoblins
  12 jackals
  6 kobolds
  2 quokkas
  3 bats
  7 frilled lizards
  A leopard gecko zombie (D:5)
  A quokka skeleton (D:7)
  7 rats
198 creatures vanquished.

Vanquished Creatures (collateral kills)
  A human (D:7)
  2 hogs (D:7)
3 creatures vanquished.

Vanquished Creatures (others)
  A centaur (D:7)
  7 plants (D:7)
8 creatures vanquished.

Grand Total: 209 creatures vanquished

Notes
Turn   | Place    | Note
-------+----------+-------------------------------------------
     0 | D:1      | Monsterracer the Minotaur Earth Elementalist began the quest for the Orb.
     0 | D:1      | Reached XP level 1. HP: 14/14 MP: 1/1
    93 | D:1      | HP: 5/14 [dart slug/slug dart (4)]
    96 | D:1      | HP: 2/14 [dart slug (3)]
   383 | D:1      | Reached skill level 1 in Unarmed Combat
   401 | D:1      | Reached XP level 2. HP: 12/20 MP: 0/3
   532 | D:1      | Reached skill level 2 in Unarmed Combat
   716 | D:1      | HP: 9/20 [kobold/short sword (4)]
   795 | D:1      | HP: 6/20 [kobold/whip (6)]
  1432 | D:2      | Reached skill level 3 in Unarmed Combat
  1432 | D:2      | Reached XP level 3. HP: 21/26 MP: 4/4
  1447 | D:2      | HP: 12/26 [orc wizard/dagger (3)]
  1453 | D:2      | HP: 5/26 [orc wizard/dagger (1)]
  1455 | D:2      | Reached skill level 4 in Unarmed Combat
  1455 | D:2      | Reached XP level 4. HP: 7/33 MP: 1/5
  2024 | D:2      | Noticed Natasha
  2032 | D:2      | HP: 14/34 [Natasha (4)]
  2034 | D:2      | HP: 6/34 [Natasha (4)]
  2036 | D:2      | Killed Natasha
  2036 | D:2      | Reached skill level 1 in Fighting
  2523 | D:2      | Reached skill level 5 in Unarmed Combat
  2523 | D:2      | Reached XP level 5. HP: 25/40 MP: 0/6
  2531 | D:2      | HP: 20/40 [poisoned by a worker ant]
  2536 | D:2      | HP: 19/40 [poisoned by a worker ant]
  2541 | D:2      | HP: 18/40 [poisoned by a worker ant]
  2549 | D:2      | HP: 17/40 [poisoned by a worker ant]
  3078 | D:2      | Noticed Natasha
  4046 | D:2      | Killed Natasha
  4290 | D:2      | Noticed Natasha
  4294 | D:2      | Killed Natasha
  5826 | D:4      | Found a transporter.
  5845 | D:4      | Found a transporter.
  6075 | D:4      | Reached skill level 1 in Shields
  6075 | D:4      | Reached XP level 6. HP: 50/50 MP: 7/7
  6385 | D:4      | Reached skill level 6 in Unarmed Combat
  6545 | D:4      | Found a staircase to the Ecumenical Temple.
  6599 | Temple   | Entered the Ecumenical Temple
  6765 | Temple   | Became a worshipper of Xom of Chaos
  6841 | D:4      | HP: 24/50 [electric eel/bolt of electricity (5)]
  6841 | D:4      | Reached skill level 1 in Armour
  7044 | D:4      | XOM: harmless Tmut miscast
  7149 | D:5      | Entered Level 5 of the Dungeon
  7204 | D:5      | Found a runed door.
  7232 | D:5      | Found a runed door.
  7258 | D:5      | XOM: harmless Tloc miscast
  7284 | D:5      | XOM: harmless Pois miscast
  7452 | D:5      | XOM: smoke on damage
  7458 | D:5      | HP: 25/51 [centaur (5)]
  7459 | D:5      | Reached XP level 7. HP: 28/57 MP: 8/8
  7924 | D:5      | XOM: silly message
  8035 | D:5      | XOM: cast spell 'Call Canine Familiar'
  8063 | D:5      | HP: 27/58 [worker ant (5)]
  8068 | D:5      | HP: 25/58 [poisoned by a worker ant]
  8074 | D:5      | HP: 25/58 [poisoned by a worker ant]
  8078 | D:5      | XOM: divination: detect creatures
  8082 | D:5      | HP: 24/58 [poisoned by a worker ant]
  8234 | D:5      | XOM: noise
  8344 | D:6      | Reached skill level 7 in Unarmed Combat
  8369 | D:6      | XOM: harmless Hex miscast
  8378 | D:6      | XOM: noise
  8386 | D:6      | XOM: smoke on damage
  8497 | D:6      | XOM: cast spell 'Alistair's Intoxication'
  8698 | D:6      | XOM is BORED!
  8698 | D:6      | XOM: medium Summ miscast
  8699 | D:6      | Noticed a chaos spawn
  8822 | D:6      | XOM: mild Tmut miscast
  8951 | D:6      | XOM: 2-stop teleportation journey
  9034 | D:6      | Reached XP level 8. HP: 67/67 MP: 9/9
  9298 | D:6      | XOM: noise
  9486 | D:6      | Found Ozxaaqor's Distillery.
  9494 | D:6      | Bought a potion of might for 52 gold pieces
  9494 | D:6      | Bought a potion of lignification for 39 gold pieces
  9494 | D:6      | Bought a potion of berserk rage for 65 gold pieces
  9581 | D:6      | XOM: cloud trail
  9650 | D:7      | Found Bigofur's Jewellery Shop.
  9656 | D:7      | Bought a +2 amulet of reflection for 90 gold pieces
  9675 | D:7      | XOM: fog
  9704 | D:7      | XOM: cast spell 'Alistair's Intoxication'
  9718 | D:7      | XOM: destruction
  9722 | D:7      | Reached skill level 8 in Unarmed Combat
  9741 | D:7      | HP: 33/67 [orc warrior/short sword (4)]
  9746 | D:7      | HP: 18/67 [poisoned by a worker ant]
  9748 | D:7      | Reached skill level 5 in Fighting
  9751 | D:7      | HP: 6/68 [orc priest/divine providence (13)]
  9764 | D:7      | Found Rasum's Jewellery Shoppe.
  9764 | D:7      | HP: 1/68 [centaur/arrow (8)]
  9765 | D:7      | XOM: divination: magic mapping
  9911 | D:6      | XOM: give mutation
  9911 | D:6      | Gained mutation: You can translocate small distances at will. [Xom's grace]
 10093 | D:7      | Found Reuseppi's Assorted Antiques.
 10138 | D:7      | Bought a scroll labeled OSEKLO YSEMM for 33 gold pieces
 10138 | D:7      | Bought a scroll labeled VEFEEQ BOESHRU for 33 gold pieces
 10178 | D:7      | XOM: fog
 10182 | D:7      | XOM: 1-stop teleportation journey
 10199 | D:7      | XOM: summons friendly rust devil
 10226 | D:7      | Reached skill level 5 in Shields
 10230 | D:7      | XOM: summons 4 friendly demons
 10231 | D:7      | Reached skill level 5 in Armour
 10231 | D:7      | Reached skill level 9 in Unarmed Combat
 10311 | D:7      | Reached XP level 9. HP: 66/75 MP: 10/10
 10438 | D:7      | XOM: 1-stop teleportation journey
 10451 | D:7      | Found Efued's Antique Weapon Boutique.
 10702 | D:7      | HP: 26/78 [ogre/giant club (22)]
 10872 | D:7      | XOM: harmless Air miscast
 11390 | D:8      | Noticed Maurice
 11398 | D:8      | Reached skill level 10 in Unarmed Combat
 11409 | D:8      | Killed Maurice
 11623 | D:8      | XOM: summons friendly quasit
 11969 | D:9      | XOM: noise
 11977 | D:9      | Reached XP level 10. HP: 67/86 MP: 11/11
 12004 | D:9      | XOM: polymorph jackal -> frilled lizard
 12014 | D:8      | XOM: swap monsters
 12189 | D:9      | XOM: polymorph iguana -> swamp drake
 12195 | D:9      | XOM: harmless Hex miscast
 12218 | D:8      | XOM: swap monsters
 12222 | D:8      | HP: 38/86 [yak (8)]
 12440 | D:9      | XOM: enchant monster (bad)
 12445 | D:9      | Reached skill level 11 in Unarmed Combat
 12570 | D:9      | XOM: mild Hex miscast
 12571 | D:9      | XOM: chaos upgrade
 12614 | D:9      | HP: 44/88 [poisoned by a gnoll sergeant]
 12619 | D:9      | HP: 39/88 [poisoned by a gnoll sergeant]
 12625 | D:9      | HP: 31/88 [poisoned by a gnoll sergeant]
 12629 | D:9      | HP: 15/88 [poisoned by a gnoll]
 12631 | D:9      | XOM: enchant monster (bad)
 12631 | D:9      | Paralysed by a gnoll for 4 turns
 12633 | D:9      | XOM: harmless Air miscast
 12633 | D:9      | Mangled by a gnoll

Skill      XL: |  1  2  3  4  5  6  7  8  9 10 |
---------------+-------------------------------+-----
Unarmed Combat | 1 3 4 5 6 7 9 10 11 | 11.1
Fighting       | 1 2 3 4 6 7 |  7.9
Shields        | 1 2 3 5 6 7 |  7.4
Armour         | 2 3 5 6 7 |  7.3
Dodging        | |  2.1
Stealth        | |  1.5
Spellcasting   | |  1.3
Transmutations | |  0.7
Earth Magic    | |  2.4

Action                   |  1- 3 |  4- 6 |  7- 9 | 10-12 || total
-------------------------+-------+-------+-------+-------++-------
Melee: Unarmed           |    55 |   151 |   507 |   129 ||   842
       Headbutt          |     8 |    18 |    69 |    15 ||   110
       Punch             |       |     5 |       |       ||     5
 Cast: Sandblast         |    15 |    28 |       |       ||    43
Evoke: Wand              |       |     2 |     1 |       ||     3
  Use: Scroll            |       |    13 |     7 |       ||    20
       Potion            |       |       |     1 |     1 ||     2
 Stab: Sleeping          |       |     1 |       |       ||     1
       Confused          |       |       |     1 |       ||     1
       Paralysed         |       |       |     4 |       ||     4
  Eat: Chunk             |     2 |    16 |    13 |     1 ||    32
       Ration            |       |     1 |     2 |       ||     3
Armor: Robe              |    12 |     4 |       |       ||    16
       Chain mail        |       |    67 |   190 |    70 ||   327
       Ring mail         |       |     4 |       |       ||     4
       Skin              |       |       |     2 |       ||     2
Dodge: Dodged            |    36 |    60 |    72 |    26 ||   194
Block: Shield            |       |     8 |   209 |    90 ||   307
       Reflection        |       |       |     9 |     2 ||    11

Vault maps used:
D:1:      roderic_crossed_star, serial_bayou_pond_c
D:2:      first_ration, uniq_natasha
D:4:      gammafunk_steamed_eel, minmay_temple_entry_enclosed_plants,
          st_stairs_6
D:5:      lemuel_insect_pit
D:6:      serial_shops, shop
D:7:      nicolae_overflow_hidden_temple, serial_shops, nicolae_shop_trees,
          shop, shop, nicolae_shop_stone, grunt_livestock, minmay_lizard_king
D:8:      uniq_maurice
D:9:      dpeg_oklobed_lair, serial_gnoll_camp, gnoll_camp_medium_02,
          gnoll_camp_mini_doghouse, gnoll_camp_mini_doghouse, grums_kennel,
          basic_altar, lemuel_mausoleum_altar_yredelemnul
Temple:   kilobyte_greek_temple
